3165 views
Uploaded 2019-12-04 23:20:20
Game version 1.32.0.3 / 1.32.0.3.1
24:25 long 3on3 ladder game on (6)Monsoon_LV
Saved by BEARAND
3165 views
Uploaded 2019-12-04 23:20:20
Game version 1.32.0.3 / 1.32.0.3.1
24:25 long 3on3 ladder game on (6)Monsoon_LV


80 units @ 7.2k
/ 0.3k
273 buildings @ 13.5k
/ 7.3k
ChuckleMan
(103)
(24:19) : 


| Scroll of Regeneration | 5 | 500 |
| Lesser Clarity Potion | 3 | 210 |
| Staff of Sanctuary | 1 | 250 |
| Orb of Fire | 1 | 325 |
| Boots of Speed | 3 | 750 |
| Staff of Teleportation | 3 | 450 |
| Potion of Lesser Invulnerability | 1 | 150 |
| Potion of Invisibility | 3 | 300 |
| Circlet of Nobility | 3 | 525 |
| Periapt of Vitality | 2 | 650 |
| total: | 25 | 4110g |
| Peasant | 21 | 1575 | / | 0 |
| Sorceress | 1 | 155 | / | 20 |
| Priest | 1 | 135 | / | 10 |
| total: | 23 | 1865g | / | 30w |
| Scout Tower | 44 | 1320 | / | 880 |
| Arcane Tower | 4 | 280 | / | 200 |
| Guard Tower | 11 | 770 | / | 550 |
| Altar of Kings | 1 | 180 | / | 50 |
| Farm | 4 | 320 | / | 80 |
| Lumber Mill | 1 | 120 | / | 0 |
| Arcane Vault | 1 | 130 | / | 30 |
| Blacksmith | 1 | 140 | / | 60 |
| Town Hall | 1 | 385 | / | 205 |
| Arcane Sanctum | 1 | 150 | / | 140 |
| Keep | 1 | 320 | / | 210 |
| Castle | 1 | 360 | / | 210 |
| total: | 54 | 2745g | / | 1445w |
| 0:03 | Peasant |
| 0:03 | Peasant |
| 0:06 | Altar of Kings |
| 0:11 | Farm |
| 0:13 | Peasant |
| 0:33 | Peasant |
| 0:49 | Farm |
| 0:52 | Peasant |
| 0:52 | Peasant |
| 0:52 | Peasant |
| 1:07 | Lumber Mill |
| 1:18 | Scout Tower |
| 1:26 | Peasant |
| 1:30 | Farm |
| 1:32 | Peasant |
| 1:41 | Scout Tower |
| 1:43 | Scout Tower |
| 1:45 | Scout Tower |
| 1:46 | Arcane Tower |
| 1:59 | Scout Tower |
| 2:12 | Flame Strike |
| 2:15 | Peasant |
| 2:16 | Guard Tower |
| 2:24 | Scout Tower |
| 2:30 | Scout Tower |
| 2:35 | Arcane Tower |
| 2:44 | Peasant |
| 2:44 | Peasant |
| 2:45 | Peasant |
| 2:50 | Scout Tower |
| 2:52 | Scout Tower |
| 2:53 | Guard Tower |
| 3:10 | Peasant |
| 3:10 | Peasant |
| 3:12 | Scout Tower |
| 3:14 | Guard Tower |
| 3:35 | Guard Tower |
| 3:36 | Scout Tower |
| 3:37 | Scout Tower |
| 3:41 | Siphon Mana |
| 3:56 | Arcane Vault |
| 3:59 | Scout Tower |
| 4:00 | Scout Tower |
| 4:01 | Scout Tower |
| 4:04 | Scout Tower |
| 4:05 | Scout Tower |
| 4:13 | Keep |
| 4:22 | Guard Tower |
| 4:40 | Scout Tower |
| 4:50 | Arcane Tower |
| 5:15 | Scroll of Regeneration |
| 5:16 | Lesser Clarity Potion |
| 5:19 | Scout Tower |
| 5:20 | Scout Tower |
| 5:21 | Scout Tower |
| 5:22 | Scout Tower |
| 5:45 | Scroll of Regeneration |
| 5:59 | Farm |
| 6:04 | Blacksmith |
| 6:06 | Scout Tower |
| 6:09 | Scout Tower |
| 6:20 | Town Hall |
| 6:21 | Scout Tower |
| 6:25 | Guard Tower |
| 6:34 | Arcane Tower |
| 6:46 | Boots of Speed |
| 7:05 | Scout Tower |
| 7:07 | Scout Tower |
| 7:54 | Scout Tower |
| 7:55 | Scout Tower |
| 7:56 | Scout Tower |
| 7:57 | Scout Tower |
| 7:57 | Scout Tower |
| 7:58 | Scout Tower |
| 7:59 | Scout Tower |
| 8:02 | Peasant |
| 8:02 | Peasant |
| 8:02 | Peasant |
| 8:04 | Peasant |
| 8:05 | Peasant |
| 8:10 | Flame Strike |
| 8:12 | Scroll of Regeneration |
| 8:15 | Lesser Clarity Potion |
| 8:24 | Guard Tower |
| 8:26 | Improved Masonry |
| 8:30 | Peasant |
| 8:39 | Staff of Teleportation |
| 8:50 | Scroll of Regeneration |
| 8:57 | Storm Bolt |
| 9:18 | Castle |
| 9:42 | Guard Tower |
| 10:06 | Boots of Speed |
| 10:07 | Staff of Teleportation |
| 10:20 | Potion of Lesser Invulnerability |
| 10:23 | Potion of Invisibility |
| 10:41 | Guard Tower |
| 10:44 | Scout Tower |
| 10:45 | Scout Tower |
| 10:46 | Scout Tower |
| 10:47 | Scout Tower |
| 10:48 | Scout Tower |
| 10:49 | Scout Tower |
| 10:50 | Scout Tower |
| 10:50 | Scout Tower |
| 10:52 | Scout Tower |
| 10:53 | Scout Tower |
| 11:28 | Advanced Masonry |
| 11:29 | Improved Lumber Harvesting |
| 11:34 | Circlet of Nobility |
| 11:35 | Periapt of Vitality |
| 11:41 | Potion of Invisibility |
| 13:02 | Bash |
| 13:09 | Studded Leather Armor |
| 13:09 | Black Gunpowder |
| 13:09 | Iron Forged Swords |
| 13:10 | Iron Plating |
| 13:17 | Potion of Invisibility |
| 13:20 | Circlet of Nobility |
| 13:25 | Arcane Sanctum |
| 13:27 | Imbued Masonry |
| 14:09 | Lesser Clarity Potion |
| 14:09 | Scroll of Regeneration |
| 14:14 | Staff of Sanctuary |
| 14:14 | Orb of Fire |
| 14:18 | Holy Light |
| 14:24 | Guard Tower |
| 15:10 | Boots of Speed |
| 15:10 | Staff of Teleportation |
| 15:11 | Circlet of Nobility |
| 15:43 | Siphon Mana |
| 15:49 | Advanced Lumber Harvesting |
| 15:50 | Magic Sentry |
| 15:50 | Priest Adept Training |
| 15:50 | Sorceress Adept Training |
| 15:51 | Sorceress |
| 15:51 | Priest |
| 16:45 | Storm Bolt |
| 18:31 | Devotion Aura |
| 19:57 | Priest Master Training |
| 19:58 | Sorceress Master Training |
| 24:16 | Periapt of Vitality |
| Right click | 883 |
| Select group | 263 |
| Select | 249 |
| Build/train/purchase | 133 |
| Chat | 110 |
| Use ability | 80 |
| Resource trade | 61 |
| Misc. action | 51 |
| Assign group | 14 |
| Item give/drop | 7 |
| Esc | 3 |



| Staff of Sanctuary | 3 | 750 |
| Orb of Fire | 2 | 650 |
| Lesser Clarity Potion | 2 | 140 |
| Dust of Appearance | 1 | 75 |
| Staff of Teleportation | 2 | 300 |
| Boots of Speed | 3 | 750 |
| Periapt of Vitality | 1 | 325 |
| total: | 14 | 2990g |
| Peasant | 26 | 1950 | / | 0 |
| Priest | 1 | 135 | / | 10 |
| total: | 27 | 2085g | / | 10w |
| Scout Tower | 136 | 4080 | / | 2720 |
| Arcane Tower | 5 | 350 | / | 250 |
| Guard Tower | 36 | 2520 | / | 1800 |
| Altar of Kings | 1 | 180 | / | 50 |
| Farm | 4 | 320 | / | 80 |
| Lumber Mill | 1 | 120 | / | 0 |
| Arcane Vault | 3 | 390 | / | 90 |
| Town Hall | 2 | 770 | / | 410 |
| Arcane Sanctum | 1 | 150 | / | 140 |
| Keep | 1 | 320 | / | 210 |
| Castle | 1 | 360 | / | 210 |
| total: | 148 | 6010g | / | 3490w |
| 0:03 | Peasant |
| 0:05 | Altar of Kings |
| 0:11 | Farm |
| 0:16 | Peasant |
| 0:17 | Peasant |
| 0:38 | Farm |
| 0:40 | Peasant |
| 0:48 | Lumber Mill |
| 0:50 | Peasant |
| 1:02 | Peasant |
| 1:08 | Scout Tower |
| 1:19 | Peasant |
| 1:25 | Peasant |
| 1:33 | Scout Tower |
| 1:35 | Arcane Tower |
| 1:39 | Peasant |
| 1:48 | Peasant |
| 1:53 | Peasant |
| 1:58 | Scout Tower |
| 2:10 | Summon Water Elemental |
| 2:12 | Guard Tower |
| 2:17 | Peasant |
| 2:17 | Peasant |
| 2:27 | Scout Tower |
| 2:30 | Guard Tower |
| 3:23 | Peasant |
| 3:27 | Farm |
| 3:52 | Keep |
| 3:58 | Scout Tower |
| 4:01 | Scout Tower |
| 4:05 | Farm |
| 4:50 | Guard Tower |
| 4:50 | Arcane Tower |
| 4:53 | Improved Masonry |
| 4:55 | Guard Tower |
| 4:56 | Scout Tower |
| 4:57 | Scout Tower |
| 5:20 | Arcane Vault |
| 5:27 | Staff of Teleportation |
| 5:27 | Boots of Speed |
| 5:31 | Dust of Appearance |
| 6:20 | Guard Tower |
| 6:21 | Scout Tower |
| 6:22 | Scout Tower |
| 6:23 | Scout Tower |
| 6:23 | Scout Tower |
| 6:24 | Scout Tower |
| 6:27 | Castle |
| 6:45 | Brilliance Aura |
| 7:01 | Guard Tower |
| 7:10 | Arcane Vault |
| 7:27 | Guard Tower |
| 7:30 | Scout Tower |
| 7:37 | Scout Tower |
| 7:51 | Storm Bolt |
| 8:20 | Guard Tower |
| 8:23 | Scout Tower |
| 8:24 | Scout Tower |
| 8:25 | Scout Tower |
| 8:50 | Town Hall |
| 9:03 | Guard Tower |
| 9:13 | Bash |
| 9:44 | Arcane Sanctum |
| 9:47 | Peasant |
| 9:52 | Holy Light |
| 10:00 | Arcane Vault |
| 10:02 | Staff of Sanctuary |
| 10:06 | Staff of Sanctuary |
| 10:18 | Advanced Masonry |
| 10:23 | Scout Tower |
| 10:25 | Scout Tower |
| 10:46 | Summon Water Elemental |
| 10:55 | Magic Sentry |
| 10:56 | Priest |
| 10:56 | Priest Adept Training |
| 11:04 | Scout Tower |
| 11:06 | Staff of Sanctuary |
| 11:09 | Peasant |
| 11:09 | Peasant |
| 11:11 | Guard Tower |
| 11:11 | Arcane Tower |
| 11:27 | Staff of Teleportation |
| 11:27 | Boots of Speed |
| 11:35 | Guard Tower |
| 11:36 | Scout Tower |
| 12:15 | Guard Tower |
| 12:16 | Scout Tower |
| 12:17 | Scout Tower |
| 12:17 | Scout Tower |
| 12:20 | Scout Tower |
| 12:21 | Scout Tower |
| 12:21 | Scout Tower |
| 12:22 | Scout Tower |
| 12:22 | Scout Tower |
| 12:22 | Scout Tower |
| 13:34 | Storm Bolt |
| 13:41 | Divine Shield |
| 14:05 | Guard Tower |
| 14:06 | Scout Tower |
| 14:07 | Scout Tower |
| 14:07 | Scout Tower |
| 14:08 | Scout Tower |
| 14:08 | Scout Tower |
| 14:10 | Guard Tower |
| 14:11 | Scout Tower |
| 14:14 | Scout Tower |
| 14:15 | Scout Tower |
| 14:15 | Scout Tower |
| 14:16 | Scout Tower |
| 14:16 | Scout Tower |
| 14:17 | Scout Tower |
| 14:20 | Scout Tower |
| 14:20 | Scout Tower |
| 14:20 | Scout Tower |
| 14:21 | Scout Tower |
| 14:22 | Scout Tower |
| 14:22 | Scout Tower |
| 14:23 | Scout Tower |
| 14:34 | Guard Tower |
| 14:37 | Imbued Masonry |
| 14:38 | Peasant |
| 14:39 | Peasant |
| 14:41 | Improved Lumber Harvesting |
| 14:44 | Guard Tower |
| 14:48 | Orb of Fire |
| 15:03 | Periapt of Vitality |
| 15:17 | Lesser Clarity Potion |
| 15:18 | Lesser Clarity Potion |
| 15:25 | Guard Tower |
| 15:26 | Boots of Speed |
| 15:43 | Orb of Fire |
| 16:28 | Guard Tower |
| 16:35 | Peasant |
| 16:35 | Peasant |
| 16:35 | Peasant |
| 16:37 | Peasant |
| 16:39 | Arcane Tower |
| 17:39 | Scout Tower |
| 17:40 | Scout Tower |
| 17:40 | Scout Tower |
| 17:42 | Scout Tower |
| 17:42 | Scout Tower |
| 17:42 | Scout Tower |
| 17:43 | Scout Tower |
| 17:43 | Scout Tower |
| 17:44 | Scout Tower |
| 17:44 | Scout Tower |
| 17:45 | Scout Tower |
| 17:45 | Scout Tower |
| 17:45 | Scout Tower |
| 17:46 | Scout Tower |
| 17:47 | Scout Tower |
| 17:50 | Scout Tower |
| 17:51 | Scout Tower |
| 17:52 | Scout Tower |
| 17:52 | Scout Tower |
| 17:53 | Scout Tower |
| 17:54 | Scout Tower |
| 17:58 | Scout Tower |
| 17:59 | Scout Tower |
| 18:00 | Scout Tower |
| 18:01 | Scout Tower |
| 18:02 | Scout Tower |
| 18:02 | Scout Tower |
| 18:05 | Brilliance Aura |
| 18:15 | Guard Tower |
| 18:21 | Bash |
| 18:24 | Holy Light |
| 18:39 | Guard Tower |
| 18:41 | Peasant |
| 18:41 | Peasant |
| 18:42 | Peasant |
| 18:44 | Advanced Lumber Harvesting |
| 19:02 | Guard Tower |
| 19:22 | Guard Tower |
| 19:33 | Guard Tower |
| 19:49 | Guard Tower |
| 19:58 | Town Hall |
| 20:17 | Guard Tower |
| 21:04 | Scout Tower |
| 21:05 | Scout Tower |
| 21:06 | Scout Tower |
| 21:07 | Scout Tower |
| 21:07 | Scout Tower |
| 21:08 | Scout Tower |
| 21:33 | Scout Tower |
| 21:34 | Scout Tower |
| 21:34 | Scout Tower |
| 21:35 | Scout Tower |
| 21:35 | Scout Tower |
| 21:36 | Scout Tower |
| 21:37 | Scout Tower |
| 21:37 | Scout Tower |
| 21:37 | Scout Tower |
| 21:38 | Scout Tower |
| 21:38 | Scout Tower |
| 21:39 | Scout Tower |
| 21:40 | Scout Tower |
| 21:40 | Scout Tower |
| 21:41 | Scout Tower |
| 21:42 | Scout Tower |
| 21:42 | Scout Tower |
| 21:42 | Scout Tower |
| 21:43 | Scout Tower |
| 21:43 | Scout Tower |
| 21:43 | Scout Tower |
| 21:45 | Guard Tower |
| 22:11 | Arcane Tower |
| 22:23 | Guard Tower |
| 22:25 | Guard Tower |
| 23:01 | Guard Tower |
| 23:02 | Guard Tower |
| 23:11 | Guard Tower |
| 23:25 | Guard Tower |
| 23:41 | Guard Tower |
| 23:43 | Guard Tower |
| 23:43 | Guard Tower |
| 23:58 | Guard Tower |
| 24:00 | Scout Tower |
| 24:02 | Scout Tower |
| 24:03 | Scout Tower |
| 24:04 | Scout Tower |
| 24:05 | Scout Tower |
| 24:06 | Scout Tower |
| 24:07 | Scout Tower |
| 24:07 | Scout Tower |
| 24:08 | Scout Tower |
| 24:08 | Scout Tower |
| 24:10 | Scout Tower |
| 24:10 | Scout Tower |
| 24:11 | Scout Tower |
| 24:11 | Scout Tower |
| 24:11 | Scout Tower |
| 24:11 | Scout Tower |
| 24:12 | Scout Tower |
| 24:13 | Scout Tower |
| 24:13 | Scout Tower |
| 24:16 | Scout Tower |
| 24:16 | Scout Tower |
| 24:19 | Scout Tower |
| 24:20 | Scout Tower |
| 24:20 | Scout Tower |
| 24:20 | Scout Tower |
| 24:21 | Scout Tower |
| 24:22 | Scout Tower |
| 24:22 | Scout Tower |
| 24:22 | Scout Tower |
| 24:22 | Scout Tower |
| 24:23 | Scout Tower |
| 24:24 | Scout Tower |
| Right click | 1090 |
| Select group | 1042 |
| Select | 297 |
| Build/train/purchase | 224 |
| Chat | 192 |
| Misc. action | 94 |
| Use ability | 68 |
| Item give/drop | 16 |
| Assign group | 15 |
| Esc | 5 |
| Minimap ping | 4 |



x1)
| Orb of Fire | 2 | 650 |
| Staff of Sanctuary | 2 | 500 |
| Staff of Teleportation | 2 | 300 |
| Boots of Speed | 3 | 750 |
| Tome of Retraining | 1 | 300 |
| Periapt of Vitality | 1 | 325 |
| total: | 11 | 2825g |
| Peasant | 21 | 1575 | / | 0 |
| Priest | 2 | 270 | / | 20 |
| Dragonhawk Rider | 7 | 1400 | / | 210 |
| total: | 30 | 3245g | / | 230w |
| Scout Tower | 50 | 1500 | / | 1000 |
| Arcane Tower | 3 | 210 | / | 150 |
| Guard Tower | 24 | 1680 | / | 1200 |
| Altar of Kings | 1 | 180 | / | 50 |
| Farm | 8 | 640 | / | 160 |
| Lumber Mill | 2 | 240 | / | 0 |
| Town Hall | 3 | 1155 | / | 615 |
| Arcane Vault | 2 | 260 | / | 60 |
| Blacksmith | 2 | 280 | / | 120 |
| Barracks | 1 | 160 | / | 60 |
| Arcane Sanctum | 1 | 150 | / | 140 |
| Gryphon Aviary | 1 | 140 | / | 150 |
| Keep | 1 | 320 | / | 210 |
| Castle | 1 | 360 | / | 210 |
| total: | 71 | 4705g | / | 2355w |
| 0:02 | Peasant |
| 0:02 | Peasant |
| 0:12 | Altar of Kings |
| 0:18 | Farm |
| 0:29 | Peasant |
| 0:41 | Peasant |
| 0:45 | Farm |
| 0:48 | Lumber Mill |
| 0:54 | Peasant |
| 1:17 | Peasant |
| 1:25 | Peasant |
| 1:36 | Scout Tower |
| 1:41 | Scout Tower |
| 1:44 | Peasant |
| 1:58 | Peasant |
| 2:04 | Arcane Tower |
| 2:05 | Scout Tower |
| 2:07 | Peasant |
| 2:08 | Peasant |
| 2:11 | Summon Water Elemental |
| 2:14 | Guard Tower |
| 2:16 | Scout Tower |
| 2:27 | Peasant |
| 2:38 | Guard Tower |
| 2:39 | Scout Tower |
| 2:40 | Peasant |
| 3:19 | Peasant |
| 3:21 | Keep |
| 3:22 | Improved Masonry |
| 3:23 | Guard Tower |
| 3:29 | Guard Tower |
| 3:35 | Scout Tower |
| 3:49 | Scout Tower |
| 3:51 | Farm |
| 3:52 | Farm |
| 3:57 | Staff of Teleportation |
| 4:31 | Guard Tower |
| 5:01 | Farm |
| 5:02 | Farm |
| 5:12 | Scout Tower |
| 5:14 | Scout Tower |
| 5:34 | Farm |
| 5:47 | Peasant |
| 5:50 | Lumber Mill |
| 5:51 | Arcane Sanctum |
| 5:57 | Scout Tower |
| 6:00 | Scout Tower |
| 6:25 | Guard Tower |
| 6:27 | Peasant |
| 6:27 | Peasant |
| 6:27 | Peasant |
| 6:30 | Peasant |
| 6:30 | Peasant |
| 6:47 | Brilliance Aura |
| 6:54 | Guard Tower |
| 6:56 | Scout Tower |
| 6:58 | Scout Tower |
| 6:58 | Scout Tower |
| 7:03 | Storm Bolt |
| 7:04 | Advanced Masonry |
| 7:05 | Magic Sentry |
| 7:07 | Priest |
| 7:36 | Guard Tower |
| 7:37 | Scout Tower |
| 7:38 | Guard Tower |
| 8:02 | Guard Tower |
| 8:03 | Scout Tower |
| 8:30 | Town Hall |
| 8:42 | Scout Tower |
| 8:42 | Scout Tower |
| 8:43 | Scout Tower |
| 8:44 | Scout Tower |
| 8:54 | Arcane Vault |
| 8:58 | Scout Tower |
| 9:27 | Guard Tower |
| 9:30 | Scout Tower |
| 9:36 | Arcane Tower |
| 9:51 | Guard Tower |
| 9:57 | Peasant |
| 10:05 | Boots of Speed |
| 10:42 | Guard Tower |
| 10:44 | Scout Tower |
| 10:45 | Scout Tower |
| 10:48 | Scout Tower |
| 10:49 | Scout Tower |
| 10:49 | Scout Tower |
| 10:49 | Scout Tower |
| 10:51 | Scout Tower |
| 10:51 | Scout Tower |
| 10:51 | Scout Tower |
| 10:53 | Gryphon Aviary |
| 10:55 | Blacksmith |
| 10:59 | Castle |
| 11:09 | Arcane Vault |
| 11:19 | Guard Tower |
| 11:21 | Guard Tower |
| 11:36 | Improved Lumber Harvesting |
| 12:00 | Priest |
| 12:14 | Dragonhawk Rider |
| 12:17 | Blacksmith |
| 12:20 | Barracks |
| 12:22 | Guard Tower |
| 12:32 | Arcane Tower |
| 13:14 | Boots of Speed |
| 13:18 | Boots of Speed |
| 13:46 | Guard Tower |
| 14:14 | Tome of Retraining |
| 14:14 | Retrain Hero |
| 14:17 | Blizzard |
| 14:17 | Brilliance Aura |
| 14:18 | Periapt of Vitality |
| 14:22 | Guard Tower |
| 14:24 | Holy Light |
| 14:26 | Staff of Teleportation |
| 14:33 | Orb of Fire |
| 14:33 | Staff of Sanctuary |
| 14:45 | Orb of Fire |
| 14:45 | Staff of Sanctuary |
| 15:31 | Imbued Masonry |
| 15:31 | Advanced Lumber Harvesting |
| 15:35 | Dragonhawk Rider |
| 15:36 | Iron Forged Swords |
| 15:40 | Bash |
| 16:45 | Dragonhawk Rider |
| 16:45 | Dragonhawk Rider |
| 16:45 | Cloud |
| 16:47 | Farm |
| 17:16 | Steel Forged Swords |
| 17:20 | Animal War Training |
| 17:34 | Scout Tower |
| 17:35 | Scout Tower |
| 17:36 | Scout Tower |
| 17:36 | Scout Tower |
| 17:37 | Scout Tower |
| 17:37 | Scout Tower |
| 17:56 | Blizzard |
| 18:20 | Guard Tower |
| 18:51 | Scout Tower |
| 18:52 | Scout Tower |
| 18:55 | Guard Tower |
| 19:28 | Scout Tower |
| 19:28 | Scout Tower |
| 19:43 | Scout Tower |
| 21:06 | Dragonhawk Rider |
| 21:06 | Dragonhawk Rider |
| 21:07 | Studded Leather Armor |
| 21:09 | Dragonhawk Rider |
| 21:31 | Scout Tower |
| 21:31 | Scout Tower |
| 21:32 | Scout Tower |
| 21:32 | Scout Tower |
| 21:33 | Scout Tower |
| 21:33 | Scout Tower |
| 21:34 | Scout Tower |
| 21:35 | Scout Tower |
| 21:42 | Divine Shield |
| 22:05 | Guard Tower |
| 22:19 | Town Hall |
| 23:27 | Town Hall |
| 23:36 | Guard Tower |
| 23:51 | Guard Tower |
| 24:09 | Guard Tower |
| Right click | 1611 |
| Select | 474 |
| Select group | 397 |
| Build/train/purchase | 345 |
| Chat | 340 |
| Use ability | 47 |
| Assign group | 16 |
| Misc. action | 10 |
| Item give/drop | 6 |
| Remove unit | 4 |
| Resource trade | 4 |
98 units @ 14.1k
/ 1.7k
64 buildings @ 9.8k
/ 4.4k


| Wisp | 11 | 660 | / | 0 |
| Archer | 12 | 1560 | / | 120 |
| Huntress | 12 | 2340 | / | 240 |
| Druid of the Claw | 5 | 1275 | / | 400 |
| total: | 40 | 5835g | / | 760w |
| Ancient of War | 1 | 150 | / | 60 |
| Moon Well | 6 | 1080 | / | 240 |
| Altar of Elders | 1 | 180 | / | 50 |
| Hunter's Hall | 1 | 210 | / | 100 |
| Ancient of Lore | 1 | 155 | / | 145 |
| Tree of Ages | 1 | 320 | / | 180 |
| total: | 10 | 1775g | / | 595w |
| 0:08 | Ancient of War |
| 0:09 | Wisp |
| 0:09 | Wisp |
| 0:10 | Wisp |
| 0:31 | Moon Well |
| 1:02 | Altar of Elders |
| 1:10 | Wisp |
| 1:11 | Wisp |
| 1:14 | Archer |
| 1:50 | Wisp |
| 1:52 | Archer |
| 2:06 | Moon Well |
| 2:28 | Wisp |
| 2:32 | Wisp |
| 2:55 | Moon Well |
| 3:06 | Hunter's Hall |
| 3:09 | Archer |
| 3:09 | Archer |
| 3:15 | Trueshot Aura |
| 3:27 | Archer |
| 3:27 | Archer |
| 3:45 | Archer |
| 4:12 | Huntress |
| 4:25 | Searing Arrows |
| 4:38 | Moon Well |
| 4:45 | Strength of the Moon |
| 5:41 | Huntress |
| 5:42 | Huntress |
| 5:42 | Huntress |
| 6:03 | Tree of Ages |
| 6:33 | Archer |
| 6:33 | Archer |
| 6:48 | Trueshot Aura |
| 8:17 | Scout |
| 8:58 | Huntress |
| 8:58 | Huntress |
| 9:08 | Ancient of Lore |
| 9:19 | Black Arrow |
| 9:43 | Huntress |
| 9:43 | Huntress |
| 9:43 | Huntress |
| 9:44 | Archer |
| 9:44 | Archer |
| 9:44 | Archer |
| 10:55 | Wisp |
| 10:56 | Wisp |
| 10:56 | Wisp |
| 11:19 | Moon Well |
| 12:19 | Druid of the Claw |
| 12:19 | Druid of the Claw |
| 12:19 | Druid of the Claw |
| 12:20 | Druid of the Claw Adept Training |
| 12:24 | Moon Well |
| 14:04 | Moon Glaive |
| 14:05 | Sentinel |
| 15:02 | Huntress |
| 15:03 | Huntress |
| 15:03 | Huntress |
| 15:06 | Druid of the Claw |
| 15:06 | Druid of the Claw |
| Right click | 739 |
| Select | 150 |
| Chat | 125 |
| Build/train/purchase | 63 |
| Use ability | 4 |


| Acolyte | 7 | 525 | / | 0 |
| Ghoul | 1 | 120 | / | 0 |
| Crypt Fiend | 11 | 2365 | / | 440 |
| Gargoyle | 5 | 875 | / | 150 |
| Ogre Magi | 1 | 320 | / | 50 |
| total: | 25 | 4205g | / | 640w |
| Altar of Darkness | 1 | 180 | / | 50 |
| Graveyard | 1 | 215 | / | 0 |
| Ziggurat | 8 | 1200 | / | 400 |
| Crypt | 3 | 600 | / | 150 |
| Halls of the Dead | 1 | 320 | / | 210 |
| total: | 13 | 2195g | / | 600w |
| 0:05 | Acolyte |
| 0:06 | Acolyte |
| 0:21 | Altar of Darkness |
| 0:24 | Graveyard |
| 0:37 | Ziggurat |
| 0:57 | Crypt |
| 1:13 | Ziggurat |
| 2:00 | Ghoul |
| 2:01 | Crypt Fiend |
| 2:11 | Crypt Fiend |
| 2:27 | Carrion Beetles |
| 2:52 | Crypt Fiend |
| 3:11 | Crypt Fiend |
| 3:14 | Ziggurat |
| 3:43 | Crypt Fiend |
| 4:04 | Spiked Carapace |
| 4:19 | Crypt Fiend |
| 5:14 | Carrion Beetles |
| 6:45 | Spiked Carapace |
| 7:00 | Crypt Fiend |
| 7:02 | Halls of the Dead |
| 7:04 | Crypt Fiend |
| 7:04 | Crypt Fiend |
| 7:04 | Crypt Fiend |
| 7:07 | Ziggurat |
| 7:09 | Creature Attack |
| 7:50 | Crypt Fiend |
| 8:28 | Ogre Magi |
| 8:53 | Ziggurat |
| 10:46 | Web |
| 10:50 | Crypt |
| 10:55 | Crypt |
| 11:10 | Acolyte |
| 11:10 | Acolyte |
| 11:10 | Acolyte |
| 11:10 | Acolyte |
| 11:52 | Acolyte |
| 12:21 | Carrion Beetles |
| 12:43 | Death Coil |
| 13:24 | Gargoyle |
| 13:24 | Gargoyle |
| 13:24 | Gargoyle |
| 13:25 | Gargoyle |
| 13:25 | Gargoyle |
| 13:28 | Ziggurat |
| 13:30 | Ziggurat |
| 13:32 | Ziggurat |
| Right click | 226 |
| Select | 122 |
| Assign group | 61 |
| Select group | 55 |
| Build/train/purchase | 44 |
| Chat | 27 |
| Minimap ping | 13 |
| Use ability | 3 |
| Item give/drop | 1 |


| Healing Salve | 1 | 100 |
| Lesser Clarity Potion | 2 | 140 |
| total: | 3 | 240g |
| Peon | 13 | 975 | / | 0 |
| Grunt | 6 | 1200 | / | 0 |
| Troll Batrider | 6 | 960 | / | 240 |
| Ogre Magi | 1 | 320 | / | 50 |
| Wisp | 4 | 240 | / | 0 |
| Archer | 3 | 390 | / | 30 |
| total: | 33 | 4085g | / | 320w |
| Watch Tower | 20 | 2200 | / | 1600 |
| Orc Burrow | 6 | 960 | / | 240 |
| Altar of Storms | 1 | 180 | / | 50 |
| Barracks | 1 | 180 | / | 50 |
| Voodoo Lounge | 1 | 130 | / | 30 |
| War Mill | 1 | 205 | / | 0 |
| Great Hall | 2 | 770 | / | 370 |
| Beastiary | 2 | 290 | / | 280 |
| Stronghold | 2 | 630 | / | 380 |
| Fortress | 1 | 325 | / | 190 |
| Ancient Protector | 7 | 945 | / | 560 |
| Spirit Tower | 1 | 145 | / | 40 |
| total: | 41 | 5860g | / | 3180w |
| 0:08 | Orc Burrow |
| 0:13 | Altar of Storms |
| 0:15 | Peon |
| 0:16 | Peon |
| 0:25 | Peon |
| 0:55 | Peon |
| 1:09 | Barracks |
| 1:12 | Peon |
| 1:40 | Peon |
| 1:40 | Peon |
| 1:45 | Orc Burrow |
| 1:57 | Voodoo Lounge |
| 1:59 | Peon |
| 1:59 | Peon |
| 2:25 | Orc Burrow |
| 2:38 | Grunt |
| 2:52 | Wind Walk |
| 3:05 | Stronghold |
| 3:15 | Healing Salve |
| 3:15 | Lesser Clarity Potion |
| 3:16 | Lesser Clarity Potion |
| 3:44 | Grunt |
| 4:12 | Stronghold |
| 4:18 | Grunt |
| 5:15 | Grunt |
| 5:20 | War Mill |
| 6:16 | Grunt |
| 6:27 | Orc Burrow |
| 6:29 | Orc Burrow |
| 6:37 | Watch Tower |
| 6:40 | Watch Tower |
| 6:53 | Grunt |
| 6:57 | Fortress |
| 7:12 | Steel Armor |
| 7:30 | Orc Burrow |
| 8:43 | Great Hall |
| 8:56 | Beastiary |
| 8:58 | Beastiary |
| 9:08 | Thorium Armor |
| 9:33 | Critical Strike |
| 10:46 | Liquid Fire |
| 10:46 | Troll Batrider |
| 11:03 | Great Hall |
| 11:58 | Watch Tower |
| 11:59 | Watch Tower |
| 12:00 | Watch Tower |
| 12:01 | Watch Tower |
| 12:04 | Troll Batrider |
| 12:07 | Steel Ranged Weapons |
| 12:40 | Watch Tower |
| 12:41 | Watch Tower |
| 12:42 | Watch Tower |
| 12:42 | Watch Tower |
| 12:57 | Troll Batrider |
| 13:34 | Troll Batrider |
| 13:43 | Healing Wave |
| 14:23 | Ogre Magi |
| 15:47 | Troll Batrider |
| 15:47 | Troll Batrider |
| 16:51 | Watch Tower |
| 16:52 | Watch Tower |
| 16:53 | Watch Tower |
| 16:53 | Watch Tower |
| 16:55 | Watch Tower |
| 16:56 | Watch Tower |
| 16:57 | Watch Tower |
| 16:57 | Watch Tower |
| 17:01 | Spirit Tower |
| 17:07 | Wisp |
| 17:08 | Wisp |
| 17:08 | Wisp |
| 17:08 | Wisp |
| 17:11 | Ancient Protector |
| 17:12 | Ancient Protector |
| 17:13 | Ancient Protector |
| 17:14 | Ancient Protector |
| 17:15 | Ancient Protector |
| 17:17 | Ancient Protector |
| 17:19 | Ancient Protector |
| 17:21 | Archer |
| 17:22 | Archer |
| 17:22 | Archer |
| 17:30 | Peon |
| 17:30 | Peon |
| 17:30 | Peon |
| 17:31 | Peon |
| 18:57 | Watch Tower |
| 18:59 | Watch Tower |
| Right click | 554 |
| Chat | 513 |
| Select | 220 |
| Build/train/purchase | 58 |
| Use ability | 8 |
| Remove unit | 1 |
| Minimap ping | 1 |
⇛